[Event "Titled Tuesday Blitz June 14 Late 2022"]
[White "Goltsev, Dmitry"]
[Black "McCoy, Owen"]
[WhiteFideId "24176710"]
[BlackFideId "30924502"]
[WhiteElo "2258"]
[BlackElo "2423"]
[Result "0-1"]
[Round "01"]
[TimeControl "180+1"]
[Date "2022.06.15"]
[WhiteClock "0:00:44"]
[BlackClock "0:00:07"]

1. e4 c5 2. Nf3 d6 3. d4 cxd4 4. Nxd4 Nf6 5. Nc3 a6 6. Bg5 e6 7. Qd2 Be7 8. O-O-O Qc7 9. f4 Nbd7 10. Bh4 b5 11. a3 Bb7 12. Bd3 Rc8 13. Rde1 Qb6 14. Bf2 Qa5 15. Nb3 Qc7 16. h3 Nc5 17. Nxc5 dxc5 18. e5 Nd5 19. Nxd5 Bxd5 20. Be4 Rd8 21. Qe3 O-O 22. g4 c4 23. c3 Rd7 24. f5 Qxe5 25. Bg3 Qxe4 26. Qxe4 Bxe4 27. Rxe4 exf5 28. gxf5 Bg5+ 29. Kb1 Rd5 30. Rf1 Rfd8 31. Bc7 Rc8 32. Bb6 g6 33. fxg6 hxg6 34. Bd4 Rcd8 35. Rfe1 Kh7 36. h4 Bh6 37. Re7 R5d7 38. R7e4 Bg7 39. Bb6 Rb8 40. Bf2 Rbd8 41. Bb6 Rd1+ 42. Kc2 R8d2# 0-1


[Site "https://www.chess.com"]

[Event "Titled Tuesday Blitz June 14 Late 2022"]
[White "Guz, Ari"]
[Black "De Souza, Cristiano Gomes"]
[WhiteFideId "2825759"]
[BlackFideId "2151758"]
[WhiteElo "1913"]
[BlackElo "2068"]
[Result "1-0"]
[Round "01"]
[TimeControl "180+1"]
[Date "2022.06.15"]
[WhiteClock "0:00:21"]
[BlackClock "0:00:11"]

1. e4 c5 2. Nf3 d6 3. c3 Nf6 4. Bd3 Bg4 5. Bc2 Nc6 6. h3 Bxf3 7. Qxf3 e6 8. b3 Be7 9. Bb2 O-O 10. O-O Rc8 11. Qe2 e5 12. d3 d5 13. Nd2 d4 14. c4 a6 15. a3 Ne8 16. f4 exf4 17. Rxf4 Nc7 18. Rff1 Ne6 19. Nf3 Bg5 20. Nxg5 Qxg5 21. Bc1 Qg6 22. Bd2 Rce8 23. b4 b6 24. Ba4 Rc8 25. Bxc6 Rxc6 26. Rf5 Nc7 27. Raf1 f6 28. Qf3 Qe8 29. e5 Re6 30. exf6 Rexf6 31. Qg4 Rxf5 32. Rxf5 Rxf5 33. Qxf5 Qe6 34. Qg5 Qf6 35. Qg3 Qf7 36. bxc5 bxc5 37. Qd6 Ne6 38. Qxa6 h6 39. Qa8+ Kh7 40. Qe4+ Kg8 41. a4 Nf8 42. a5 Qa7 43. Qc6 Kf7 44. a6 Nd7 45. Bf4 Ke7 46. Qe4+ Kd8 47. Qb7 Qb6 48. Qxb6+ Nxb6 49. Bd6 Na8 50. Bxc5 1-0


[Site "https://www.chess.com"]

[Event "Titled Tuesday Blitz June 14 Late 2022"]
[White "Hoffmann, Asa"]
[Black "Bernadskiy, Vitaliy"]
[WhiteFideId "2001470"]
[BlackFideId "14100371"]
[WhiteElo "2117"]
[BlackElo "2473"]
[Result "0-1"]
[Round "01"]
[TimeControl "180+1"]
[Date "2022.06.15"]
[WhiteClock "0:00:23"]
[BlackClock "0:00:19"]

1. d4 b6 2. e4 Bb7 3. Bd3 e6 4. Qe2 Nf6 5. Nd2 c5 6. c3 Be7 7. Ngf3 d5 8. e5 Nfd7 9. a3 a5 10. O-O Nc6 11. Re1 c4 12. Bc2 b5 13. Nf1 Nb6 14. Ng3 g6 15. Bh6 Kd7 16. Qe3 b4 17. cxb4 axb4 18. axb4 Nxb4 19. Qc3 Nxc2 20. Qxc2 Qc7 21. Bg7 Rxa1 22. Rxa1 Ra8 23. Rxa8 Bxa8 24. Bf6 Qa7 25. h4 Qa4 26. Qd2 Bf8 27. Ng5 Bh6 28. Qf4 Qa1+ 29. Kh2 Qxb2 30. Bg7 Bxg5 31. hxg5 Ke8 32. Bh6 Nd7 33. Qh4 Qxf2 34. Bg7 c3 35. Qxh7 c2 36. Qg8+ Ke7 37. Bf6+ Nxf6 38. gxf6+ Kd7 39. Qxf7+ Kc6 40. Qxe6+ Kb5 41. Qd7+ Bc6 42. Qa7 c1=Q 43. Qb8+ Kc4 44. e6 Qh6+ 0-1


[Site "https://www.chess.com"]

[Event "Titled Tuesday Blitz June 14 Late 2022"]
[White "Holt, Conrad"]
[Black "Kalajzic, Ivan"]
[WhiteFideId "2034387"]
[BlackFideId "14506378"]
[WhiteElo "2586"]
[BlackElo "2163"]
[Result "1-0"]
[Round "01"]
[TimeControl "180+1"]
[Date "2022.06.14"]
[WhiteClock "0:01:15"]
[BlackClock "0:00:34"]

1. d4 Nc6 2. d5 Ne5 3. e4 e6 4. Nf3 Nxf3+ 5. Qxf3 Qf6 6. Be2 Qxf3 7. Bxf3 exd5 8. exd5 Bc5 9. Nc3 Ne7 10. Nb5 Bb6 11. Be3 Bxe3 12. fxe3 Kd8 13. d6 cxd6 14. Nxd6 Rf8 15. O-O-O Kc7 16. Bg4 f5 17. Rhf1 g6 18. e4 f4 19. Nxc8 Nxc8 20. Rxd7+ Kb6 21. e5 h5 22. Bf3 Rb8 23. Rg7 Re8 24. Rxg6+ Kc7 25. Bxh5 Rxe5 26. Bd1 Ne7 27. Rg7 Rd8 28. h4 Kb8 29. Bf3 Nd5 30. Rd1 Kc8 31. c4 Ne3 32. Bxb7+ 1-0


[Site "https://www.chess.com"]

[Event "Titled Tuesday Blitz June 14 Late 2022"]
[White "Huber, Benedikt"]
[Black "Mikhailov, Viacheslav"]
[WhiteFideId "12923583"]
[BlackFideId "4187369"]
[WhiteElo "1979"]
[BlackElo "2381"]
[Result "0-1"]
[Round "01"]
[TimeControl "180+1"]
[Date "2022.06.15"]
[WhiteClock "0:00:17"]
[BlackClock "0:00:35"]

1. d4 c5 2. d5 e5 3. e4 d6 4. Nc3 a6 5. a4 Be7 6. Nf3 Bg4 7. h3 Bxf3 8. Qxf3 Bg5 9. Bxg5 Qxg5 10. Bd3 Ne7 11. O-O O-O 12. Ne2 Nd7 13. Ng3 g6 14. Qg4 Qxg4 15. hxg4 h6 16. f3 Kg7 17. Kf2 Rfc8 18. b3 b6 19. Ne2 Rcb8 20. Ke3 Nf6 21. Rh1 Rh8 22. Ng3 Ne8 23. Ne2 Nc7 24. Nc3 Raf8 25. Rad1 f5 26. gxf5 gxf5 27. exf5 Nexd5+ 28. Nxd5 Nxd5+ 29. Kf2 Nb4 30. Be4 d5 31. Bxd5 Nxc2 32. Bc4 Nd4 33. g4 b5 34. axb5 axb5 35. Bd5 Rd8 36. Be6 Kf6 37. Rc1 Nxe6 38. fxe6 Rd5 39. g5+ Kxg5 40. Rhd1 Rxd1 41. Rxd1 Kf6 42. Rd6 Rc8 43. Rb6 c4 44. bxc4 bxc4 45. Ke3 c3 46. e7+ Kxe7 47. Rxh6 c2 48. Rh7+ Kf6 0-1


[Site "https://www.chess.com"]

[Event "Titled Tuesday Blitz June 14 Late 2022"]
[White "Ibarra Jerez, Jose Carlos"]
[Black "Tymrakiewicz, Rafal"]
[WhiteFideId "2226332"]
[BlackFideId "1108832"]
[WhiteElo "2628"]
[BlackElo "2205"]
[Result "1-0"]
[Round "01"]
[TimeControl "180+1"]
[Date "2022.06.14"]
[WhiteClock "0:00:11"]
[BlackClock "0:00:01"]

1. d4 Nf6 2. Nc3 g6 3. e4 d5 4. e5 Ne4 5. Nce2 f6 6. f3 Ng5 7. Bxg5 fxg5 8. Qd2 g4 9. fxg4 Bxg4 10. Nf4 Bh6 11. h3 Bf5 12. O-O-O O-O 13. Nge2 Be4 14. Rg1 Nc6 15. g3 Qd7 16. Kb1 a5 17. Nc3 Bf3 18. Re1 e6 19. Qe3 Be4 20. Nxe4 dxe4 21. c3 Qf7 22. Bc4 b5 23. Bxe6 Qxe6 24. Nxe6 Bxe3 25. Rxe3 Rf7 26. Rxe4 Nd8 27. Nc5 c6 28. e6 Re7 29. Rf1 Nb7 30. Rf7 Nxc5 31. dxc5 Rxf7 32. exf7+ Kxf7 33. a4 bxa4 34. Rxa4 Ke6 35. b4 Kd5 36. Kc2 Kc4 37. bxa5+ Kb5 38. Kb3 Rxa5 39. Rh4 h5 40. g4 hxg4 41. Rxg4 Ra1 42. Rxg6 Rh1 43. Rh6 Kxc5 44. Rh5+ Kb6 45. Kc4 Rh2 46. Rh6 Rf2 47. Kd3 Rf3+ 48. Kd4 Rf4+ 49. Kd3 Rf3+ 50. Kc2 Kc5 51. Kb3 Kb5 52. Rh8 Kc5 53. h4 Rh3 54. Rh5+ Kd6 55. Kc4 Rg3 56. Rh6+ Kc7 57. Kc5 Rxc3+ 58. Kd4 Rg3 59. Ke5 Re3+ 60. Kd4 Re1 61. h5 Kb6 62. Rh8 Kb5 63. Rb8+ Ka6 64. Rh8 Rh1 65. Kc5 Rc1+ 66. Kd6 Kb7 67. h6 c5 68. Kd5 c4 69. Kd4 Ka7 70. Ke3 Kb7 71. Kd2 Rh1 72. Kc3 Rh4 73. Kb4 Ka7 74. Rh7+ Kb8 75. Kb5 c3 76. Kb6 Kc8 77. Rc7+ Kd8 78. h7 Rh6+ 79. Kb7 c2 80. Rc8+ Kd7 81. Rxc2 Rxh7 82. Rc7+ Kd8 83. Rxh7 1-0


[Site "https://www.chess.com"]

[Event "Titled Tuesday Blitz June 14 Late 2022"]
[White "Ivic, Velimir"]
[Black "Ferreira, Vitor Hugo Vieira"]
[WhiteFideId "950122"]
[BlackFideId "2119765"]
[WhiteElo "2610"]
[BlackElo "2165"]
[Result "1-0"]
[Round "01"]
[TimeControl "180+1"]
[Date "2022.06.14"]
[WhiteClock "0:02:19"]
[BlackClock "0:02:05"]

1. e4 c5 2. Nf3 d6 3. d4 cxd4 4. Nxd4 Nf6 5. Nc3 a6 6. Rg1 h5 7. Bg5 e6 8. Qd2 Nc6 9. O-O-O Be7 10. f4 Bd7 11. Kb1 b5 12. a3 Qb6 13. Nxc6 Bxc6 14. Bd3 Qb7 15. e5 dxe5 16. fxe5 Nd5 17. Ne4 O-O 18. g4 h4 19. Bxe7 Qxe7 20. g5 Rfb8 21. g6 f6 22. exf6 Nxf6 23. Qg5 Nd5 24. Qh5 1-0


[Site "https://www.chess.com"]

[Event "Titled Tuesday Blitz June 14 Late 2022"]
[White "Janaszak, Dawid"]
[Black "Thiel, Thomas"]
[WhiteFideId "1119206"]
[BlackFideId "4615964"]
[WhiteElo "2199"]
[BlackElo "2276"]
[Result "1-0"]
[Round "01"]
[TimeControl "180+1"]
[Date "2022.06.15"]
[WhiteClock "0:00:19"]
[BlackClock "0:00:15"]

1. e4 d5 2. exd5 Nf6 3. Bb5+ Nbd7 4. c4 a6 5. Ba4 b5 6. cxb5 Nxd5 7. Nc3 N5b6 8. Nf3 Nxa4 9. Qxa4 Nb6 10. Qe4 e6 11. O-O Bd6 12. d4 O-O 13. Bg5 f6 14. Bf4 axb5 15. Nxb5 Bxf4 16. Qxf4 Nd5 17. Qe4 Re8 18. Rfc1 Ba6 19. Nc3 Bb7 20. Nxd5 Bxd5 21. Qf4 c6 22. a4 Qb6 23. Qd2 Reb8 24. Rc2 Qb4 25. Qxb4 Rxb4 26. a5 Rb5 27. a6 Rb6 28. a7 Rb7 29. Nd2 Raxa7 30. Rxa7 Rxa7 31. f3 Ra4 32. Ne4 Rxd4 33. Nc5 Kf7 34. Kf2 Rc4 35. Rxc4 Bxc4 36. f4 Bd5 37. g3 Ke7 38. Ke3 Kd6 39. Nb7+ Kc7 40. Nc5 Kb6 41. Nd3 c5 42. g4 c4 43. Ne1 Kc5 44. Nc2 Bc6 45. h4 e5 46. g5 Ba4 47. Ne1 Kb4 48. fxe5 fxe5 49. Nf3 Kb3 50. Nxe5 Bb5 51. Kd4 Kxb2 52. Nxc4+ Bxc4 53. Kxc4 Kc2 54. Kd5 Kd3 55. Ke6 Ke4 56. Kf7 g6 57. Kg7 Kf5 58. Kxh7 1-0


[Site "https://www.chess.com"]

[Event "Titled Tuesday Blitz June 14 Late 2022"]
[White "Janturin, Artur"]
[Black "Korchmar, Vasiliy"]
[WhiteFideId "4130022"]
[BlackFideId "24131750"]
[WhiteElo "2401"]
[BlackElo "2370"]
[Result "0-1"]
[Round "01"]
[TimeControl "180+1"]
[Date "2022.06.15"]
[WhiteClock "0:00:03"]
[BlackClock "0:00:03"]

1. b3 d5 2. Bb2 Bg4 3. f3 Bf5 4. e4 dxe4 5. Qe2 Nf6 6. Qb5+ Bd7 7. Qxb7 Nc6 8. Bxf6 exf6 9. fxe4 Nb4 10. Bd3 Bc5 11. a3 Nxd3+ 12. cxd3 O-O 13. Nf3 Rb8 14. Qd5 Qe7 15. b4 Bb6 16. Nc3 Be6 17. Qc6 Rfd8 18. Ke2 Bd7 19. Nd5 Qe8 20. Qc3 Bg4 21. h3 Bh5 22. g4 Bg6 23. Qc4 Rd6 24. Nf4 Rbd8 25. Rac1 Qa4 26. Rc3 a5 27. h4 h6 28. g5 Kh7 29. h5 fxg5 30. hxg6+ fxg6 31. Nxg5+ Kh8 32. Nf7+ Kh7 33. Nxd8 Rxd8 34. Qf7 Rd6 35. Qe8 Qxe8 36. Rc4 axb4 37. Nh3 bxa3 38. Ng5+ Kg8 39. Nf3 a2 40. Ra1 Qa8 41. Rc2 Qa6 42. Ne1 Qa5 43. Rcxa2 Qh5+ 44. Nf3 Bd4 45. Ra8+ Kh7 46. R1a5 Qg4 47. Re8 Rf6 48. Raa8 Qxf3+ 49. Ke1 Qf1# 0-1


[Site "https://www.chess.com"]

[Event "Titled Tuesday Blitz June 14 Late 2022"]
[White "Jian, Alex"]
[Black "Shimanov, Aleksandr"]
[WhiteFideId "30901022"]
[BlackFideId "4198603"]
[WhiteElo "2111"]
[BlackElo "2605"]
[Result "0-1"]
[Round "01"]
[TimeControl "180+1"]
[Date "2022.06.14"]
[WhiteClock "0:00:03"]
[BlackClock "0:00:10"]

1. Nf3 g6 2. d4 Nf6 3. c4 Bg7 4. Nc3 O-O 5. e4 d6 6. Be2 Na6 7. Be3 e5 8. d5 Ng4 9. Bg5 f6 10. Bh4 h5 11. Nd2 c5 12. O-O Nh6 13. f3 Nf7 14. a3 Bh6 15. Bf2 Bd7 16. b4 b6 17. Rb1 Qe7 18. Qc2 Kg7 19. bxc5 dxc5 20. Rfd1 Nd6 21. a4 Nb4 22. Qb2 a5 23. Nb5 Rac8 24. Nf1 Kh7 25. Bg3 Bg5 26. Qc3 Bxb5 27. axb5 Rce8 28. Bf2 f5 29. Bd3 h4 30. h3 Bf4 31. Rb2 Qg5 32. Kh1 fxe4 33. Bxe4 Ra8 34. Ra1 Rf7 35. Rbb1 Raf8 36. Qe1 Nxe4 37. Qxe4 Bg3 38. Nxg3 hxg3 39. Be3 Qf5 40. Re1 Qxe4 41. fxe4 Nc2 42. Kg1 Rf2 43. Rac1 Nxe1 44. Rxe1 Rc2 45. Bg5 Rf7 46. Bh4 Rxc4 47. Bxg3 Re7 48. d6 Re6 49. Bxe5 Rxe5 50. d7 Rd4 51. Rf1 Rxd7 0-1


[Site "https://www.chess.com"]

[Event "Titled Tuesday Blitz June 14 Late 2022"]
[White "Jiganchine, Roman"]
[Black "Bayo Milagro, Alvaro"]
[WhiteFideId "2603667"]
[BlackFideId "22275240"]
[WhiteElo "2185"]
[BlackElo "2270"]
[Result "0-1"]
[Round "01"]
[TimeControl "180+1"]
[Date "2022.06.15"]
[WhiteClock "0:00:02"]
[BlackClock "0:00:35"]

1. Nf3 Nf6 2. c4 g6 3. Nc3 Bg7 4. e4 d6 5. d4 O-O 6. Be2 Bg4 7. O-O Nfd7 8. Be3 c5 9. d5 Na6 10. Qd2 Re8 11. Rac1 Nc7 12. h3 Bxf3 13. Bxf3 a6 14. Be2 e6 15. dxe6 Nxe6 16. Qxd6 Nd4 17. Bxd4 cxd4 18. Nd5 Ne5 19. Qxd8 Raxd8 20. f4 d3 21. fxe5 dxe2 22. Rfe1 Bxe5 23. Rxe2 Rc8 24. b3 b5 25. g4 Rc6 26. Kg2 bxc4 27. Rxc4 Rd6 28. g5 Kg7 29. h4 h6 30. Kf3 hxg5 31. hxg5 Rh8 32. Kg4 Rh1 33. Rg2 Rd8 34. Nf6 Rdh8 35. Kf3 R8h3+ 36. Ke2 Ra1 37. Rc2 Bd4 38. Ng4 Rhh1 39. Kd3 Ba7 40. Kc4 Rhe1 41. e5 Bb8 42. Rge2 Rg1 43. Rg2 Rge1 44. Rce2 Rac1+ 45. Kb4 Red1 46. a4 Rd4+ 47. Ka3 Ba7 48. Rd2 Bc5+ 49. Kb2 Re1 50. Rde2 Rh1 51. e6 fxe6 52. Rxe6 a5 53. Ree2 Rd3 54. Rd2 Bd4+ 55. Kc2 Rc3+ 56. Kb2 Rd3+ 57. Kc2 Rxd2+ 58. Kxd2 Rb1 59. Kd3 Bb6 60. Kc4 Bd8 61. Rg3 Bxg5 62. Ne5 Kf6 63. Nf3 Bf4 64. Rg4 g5 65. Rg2 Kf5 66. Nd4+ Ke4 67. Re2+ Be3 68. Nc2 Rc1 69. Rxe3+ Kf4 70. Kd3 Rxc2 71. Re4+ Kf5 0-1


[Site "https://www.chess.com"]

[Event "Titled Tuesday Blitz June 14 Late 2022"]
[White "Karas, Marek"]
[Black "Sanal, Vahap"]
[WhiteFideId "14928558"]
[BlackFideId "6300545"]
[WhiteElo "2271"]
[BlackElo "2574"]
[Result "0-1"]
[Round "01"]
[TimeControl "180+1"]
[Date "2022.06.14"]
[WhiteClock "0:00:37"]
[BlackClock "0:01:22"]

1. d4 Nf6 2. Nf3 g6 3. Bg5 Bg7 4. Nbd2 d5 5. e3 O-O 6. Bd3 c5 7. c3 Qb6 8. Qb3 c4 9. Qxb6 axb6 10. Bc2 Bf5 11. Bxf5 gxf5 12. Bxf6 Bxf6 13. O-O b5 14. a3 Nd7 15. g3 e6 16. Kg2 Be7 17. Rfd1 Bd6 18. Ne1 f6 19. Nc2 Kf7 20. f3 Rg8 21. Kf2 h5 22. Rg1 h4 23. Raf1 hxg3+ 24. hxg3 Rg7 25. f4 Nb6 26. Rh1 Rag8 27. Rh3 Na4 28. Rb1 e5 29. dxe5 fxe5 30. Nf3 Nc5 31. Nxe5+ Bxe5 32. fxe5 Nd3+ 33. Kg2 f4 34. Rf1 Rxg3+ 35. Rxg3 Rxg3+ 36. Kh2 Rg4 37. exf4 Rxf4 38. Rxf4+ Nxf4 39. Nd4 Nd3 40. Nxb5 Nxb2 41. Kg3 Ke6 42. Kf4 Nd3+ 43. Ke3 Kxe5 44. Nd4 Nc5 45. Nf3+ Kd6 46. Kd4 Ne6+ 47. Ke3 Kc5 48. Kd2 b6 49. Kc2 d4 50. Ne5 d3+ 51. Kd2 Ng5 52. Ng4 Ne4+ 53. Ke3 Nxc3 54. Ne5 Nd5+ 55. Kd2 b5 56. Nxd3+ cxd3 57. Kxd3 Nb6 58. Kc3 Na4+ 59. Kb3 Nb6 60. Kc3 Nd5+ 61. Kb3 Kb6 62. Kc2 Ka5 63. Kb3 Nb6 64. Kb2 Ka4 65. Ka2 Nc4 66. Kb1 Kxa3 0-1


[Site "https://www.chess.com"]

[Event "Titled Tuesday Blitz June 14 Late 2022"]
[White "Koc, Przemyslaw"]
[Black "Sjugirov, Sanan"]
[WhiteFideId "1109081"]
[BlackFideId "4189302"]
[WhiteElo "2134"]
[BlackElo "2602"]
[Result "0-1"]
[Round "01"]
[TimeControl "180+1"]
[Date "2022.06.14"]
[WhiteClock "0:00:18"]
[BlackClock "0:00:03"]

1. d4 Nf6 2. Bg5 d5 3. Nd2 c6 4. e3 g6 5. Ngf3 Bg7 6. Bd3 Bg4 7. h3 Bxf3 8. Qxf3 Nbd7 9. e4 dxe4 10. Nxe4 Nxe4 11. Qxe4 Nf6 12. Bxf6 Bxf6 13. c3 O-O 14. O-O a5 15. Rad1 e6 16. a4 Bg7 17. Rfe1 Qb6 18. Qe2 Rad8 19. Be4 Rd7 20. Rb1 Rfd8 21. b4 axb4 22. Rxb4 Qa7 23. Reb1 e5 24. dxe5 Bxe5 25. Bxg6 hxg6 26. Qxe5 Rd1+ 27. Rxd1 Rxd1+ 28. Kh2 Qxf2 29. Rf4 Qg1+ 30. Kg3 Rd3+ 31. Kh4 Re3 32. Qf6 Qe1+ 33. Rf2 Re4+ 34. g4 Re7 35. Kg5 Qe3+ 36. Qf4 Re5+ 37. Kh6 Qxh3# 0-1


[Site "https://www.chess.com"]

[Event "Titled Tuesday Blitz June 14 Late 2022"]
[White "Kosakowski, Jakub"]
[Black "Peatman, Carter"]
[WhiteFideId "1185080"]
[BlackFideId "2096480"]
[WhiteElo "2476"]
[BlackElo "2476"]
[Result "1-0"]
[Round "01"]
[TimeControl "180+1"]
[Date "2022.06.14"]
[WhiteClock "0:00:46"]
[BlackClock "0:00:07"]

1. d4 d5 2. c4 e6 3. Nf3 Nf6 4. Qc2 Be7 5. g3 Bd7 6. cxd5 exd5 7. Bg2 c6 8. O-O O-O 9. Nc3 Qc8 10. Bg5 Bf5 11. Qa4 Bh3 12. Bxf6 Bxf6 13. Rfc1 Bxg2 14. Kxg2 Qe6 15. b4 a6 16. Qb3 Nd7 17. a4 b5 18. e4 Nb6 19. exd5 Nxd5 20. Nxd5 cxd5 21. axb5 axb5 22. Rxa8 Rxa8 23. Rc5 Rd8 24. Rxb5 Qe4 25. Rc5 Bxd4 26. Rc7 g5 27. h3 h5 28. Qc2 g4 29. hxg4 hxg4 30. Qxe4 dxe4 31. Ng5 e3 32. fxe3 Bxe3 33. Ne4 Rd1 34. Nf6+ Kg7 35. Nxg4 Bd4 36. Rd7 Rd2+ 37. Kf3 Rd1 38. Ke2 Rg1 39. Rxd4 Rxg3 40. Ne3 Rh3 41. b5 Rh2+ 42. Kd3 Rb2 43. Kc4 Kg6 44. Kc5 f5 45. b6 Rb3 46. Nd5 Kg5 47. Rb4 Rh3 48. b7 Rh8 49. b8=Q Rxb8 50. Rxb8 f4 51. Rg8+ Kf5 52. Rf8+ Ke5 53. Rxf4 Ke6 54. Kd4 Kd6 55. Rf6+ Kd7 56. Kc5 Ke8 57. Kd6 Kd8 58. Rf8# 1-0


[Site "https://www.chess.com"]

[Event "Titled Tuesday Blitz June 14 Late 2022"]
[White "Kubatko, Ivan"]
[Black "Steinberg, Nitzan"]
[WhiteFideId "24111473"]
[BlackFideId "2801795"]
[WhiteElo "2285"]
[BlackElo "2471"]
[Result "0-1"]
[Round "01"]
[TimeControl "180+1"]
[Date "2022.06.14"]
[WhiteClock "0:00:04"]
[BlackClock "0:00:36"]

1. e4 g6 2. d4 Bg7 3. Nc3 d6 4. f4 a6 5. a4 Nf6 6. e5 dxe5 7. dxe5 Qxd1+ 8. Kxd1 Ng4 9. Ke1 Be6 10. h3 Nh6 11. g4 Nc6 12. Be3 f6 13. exf6 exf6 14. Nf3 O-O-O 15. Kf2 Nf7 16. Be2 f5 17. g5 Nd6 18. Nd2 Rhe8 19. Rhe1 Nb4 20. Rec1 Bxc3 21. bxc3 Nd5 22. Bd4 Nxf4 23. Bf1 Bd5 24. Bf6 Rd7 25. Re1 Ne4+ 26. Nxe4 Bxe4 27. Bd4 Ne6 28. Bf6 Rd2+ 29. Re2 Rxe2+ 30. Bxe2 Bxc2 31. Bc4 Nc5 32. a5 Bb3 33. Be2 Ne4+ 34. Kf3 Nxf6 35. gxf6 Bd5+ 36. Kf2 Rf8 37. Rd1 Be6 38. Kg3 Rxf6 39. Kf4 Bd7 40. Kg5 Rc6 41. Rd3 Rc5 42. Kh6 Rxa5 43. Kxh7 g5 44. Kg6 f4 45. Bg4 Bxg4 46. hxg4 Rc5 47. Rh3 b5 48. Kf6 a5 49. Ke6 a4 0-1


[Site "https://www.chess.com"]

[Event "Titled Tuesday Blitz June 14 Late 2022"]
[White "Ladan, Nicholas"]
[Black "Abdrlauf, Elham"]
[WhiteFideId "30918855"]
[BlackFideId "1533533"]
[WhiteElo "2167"]
[BlackElo "2403"]
[Result "0-1"]
[Round "01"]
[TimeControl "180+1"]
[Date "2022.06.15"]
[WhiteClock "0:01:32"]
[BlackClock "0:00:42"]

1. d4 Nf6 2. c4 e6 3. g3 d5 4. Nf3 dxc4 5. Bg2 a6 6. O-O Nc6 7. e3 Rb8 8. Qe2 b5 9. b3 cxb3 10. axb3 Rb6 11. Bd2 Bb7 12. Rc1 Be7 13. Ne1 e5 14. Bxc6+ Rxc6 15. dxe5 Rxc1 16. Bxc1 Qd5 17. f3 Nd7 18. Bb2 O-O 19. e4 Qxb3 20. Nc3 Nxe5 21. Nd5 Bxd5 22. exd5 Nc4 23. Bxg7 Bc5+ 24. Kh1 Kxg7 25. Rxa6 Qe3 26. Qf1 Nd2 0-1


[Site "https://www.chess.com"]

[Event "Titled Tuesday Blitz June 14 Late 2022"]
[White "Lewtak, Damian"]
[Black "Ansh M Shah"]
[WhiteFideId "1141724"]
[BlackFideId "25033379"]
[WhiteElo "2379"]
[BlackElo "1819"]
[Result "0-1"]
[Round "01"]
[TimeControl "180+1"]
[Date "2022.06.15"]
[WhiteClock "0:00:01"]
[BlackClock "0:00:06"]

1. d4 Nf6 2. c3 e6 3. Nf3 d5 4. Bf4 Be7 5. e3 O-O 6. Bd3 b6 7. Nbd2 Bb7 8. Qe2 Nbd7 9. e4 dxe4 10. Nxe4 Nxe4 11. Bxe4 Bxe4 12. Qxe4 Nf6 13. Qe2 c5 14. Rd1 cxd4 15. Nxd4 Qc8 16. O-O Rd8 17. c4 Qb7 18. b3 Bc5 19. Nb5 Qe4 20. Qxe4 Nxe4 21. Bg3 h6 22. Nc7 Rac8 23. Na6 Nc3 24. Rxd8+ Rxd8 25. b4 Bd4 26. a3 Rc8 27. Bc7 Ne4 28. g3 Bf6 29. Rd1 Nc3 30. Rd3 Ne4 31. Kg2 Be7 32. f3 Nf6 33. c5 bxc5 34. bxc5 Nd5 35. c6 Nxc7 36. Nb4 Nd5 37. Nxd5 exd5 38. Rxd5 Rxc6 39. a4 Ra6 40. Rd4 Bf6 41. Rc4 Kh7 42. g4 Rb6 43. Kg3 g5 44. Rc5 Kg7 45. Ra5 a6 46. Rd5 Rb4 47. a5 Rb5 48. Rd7 Rxa5 49. Ra7 Ra3 50. h3 Ra2 51. h4 Be5+ 52. f4 Bxf4+ 53. Kf3 Ra3+ 54. Ke4 a5 55. hxg5 hxg5 56. Kf5 Ra1 57. Ra6 a4 58. Ra5 a3 59. Ra6 Bc1 0-1


[Site "https://www.chess.com"]

[Event "Titled Tuesday Blitz June 14 Late 2022"]
[White "Lopez Del Alamo, Antonio"]
[Black "Papp, Levente"]
[WhiteFideId "2227339"]
[BlackFideId "751243"]
[WhiteElo "2089"]
[BlackElo "2308"]
[Result "0-1"]
[Round "01"]
[TimeControl "180+1"]
[Date "2022.06.15"]
[WhiteClock "0:00:25"]
[BlackClock "0:00:16"]

1. e4 e6 2. d3 d5 3. Nd2 Nf6 4. Ngf3 Bc5 5. Be2 O-O 6. O-O dxe4 7. dxe4 Nc6 8. c3 e5 9. Qc2 a5 10. Nc4 Qe7 11. a4 Rd8 12. Bg5 Bg4 13. h3 Bh5 14. Ne3 Bxe3 15. Bxe3 Bg6 16. Nd2 Rd7 17. f3 Rad8 18. Nc4 Nh5 19. Rfd1 Nf4 20. Bf1 h5 21. Rxd7 Rxd7 22. Rd1 Rxd1 23. Qxd1 h4 24. Qd2 Qg5 25. Bxf4 exf4 26. Qd5 Qxd5 27. exd5 Ne7 28. Nxa5 b6 29. Nc6 Nxd5 30. Bc4 Ne3 31. Ne7+ Kf8 32. Nxg6+ fxg6 33. Bd3 Nd1 34. b4 Nxc3 35. a5 bxa5 36. bxa5 Na4 37. Bb5 Nc3 38. Bc6 Ne2+ 39. Kf2 Nd4 40. Bd5 Ke7 41. a6 Nb5 42. Ke2 Nc3+ 43. Kd3 Nxd5 44. Ke4 Kd6 45. a7 Nb6 46. Kxf4 Kd5 47. Kg5 c5 48. Kxg6 c4 49. f4 c3 50. g4 c2 51. f5 c1=Q 52. g5 Qc7 53. f6 gxf6 54. gxf6 Ke6 0-1


[Site "https://www.chess.com"]

[Event "Titled Tuesday Blitz June 14 Late 2022"]
[White "Lucas, Arthur"]
[Black "Swiercz, Dariusz"]
[WhiteFideId "26093073"]
[BlackFideId "1126881"]
[WhiteElo "2129"]
[BlackElo "2627"]
[Result "0-1"]
[Round "01"]
[TimeControl "180+1"]
[Date "2022.06.14"]
[WhiteClock "0:00:05"]
[BlackClock "0:00:49"]

1. Nf3 Nf6 2. b3 g6 3. Bb2 Bg7 4. g3 O-O 5. Bg2 c5 6. O-O Nc6 7. d3 d5 8. Nbd2 b6 9. e4 Bb7 10. Re1 e6 11. exd5 exd5 12. Ne5 Qc7 13. Nxc6 Bxc6 14. Nf3 d4 15. Bc1 Qb7 16. Bg5 Rfe8 17. Bxf6 Bxf6 18. Rxe8+ Rxe8 19. a4 a5 20. Rc1 h5 21. h4 Bg7 22. Rb1 Bh6 23. Kh2 Kg7 24. Bh1 Re7 25. Ra1 Qa8 26. Rb1 f5 27. Ra1 f4 28. Ng5 Bxg5 29. hxg5 fxg3+ 30. Kxg3 Qb8+ 31. Kh4 Qh2# 0-1


[Site "https://www.chess.com"]

[Event "Titled Tuesday Blitz June 14 Late 2022"]
[White "Malka, Samuel"]
[Black "Zhigalko, Sergei"]
[WhiteFideId "20643675"]
[BlackFideId "13502956"]
[WhiteElo "2474"]
[BlackElo "2662"]
[Result "0-1"]
[Round "01"]
[TimeControl "180+1"]
[Date "2022.06.14"]
[WhiteClock "0:00:06"]
[BlackClock "0:00:14"]

1. d4 Nf6 2. c4 e6 3. g3 c5 4. d5 exd5 5. cxd5 d6 6. Nc3 g6 7. Nf3 Bg7 8. Bg2 O-O 9. O-O Re8 10. Bf4 a6 11. a4 Nh5 12. Bg5 Qc7 13. a5 Nd7 14. Nd2 h6 15. Be3 b5 16. axb6 Nxb6 17. Bf3 Nf6 18. Nb3 Nc4 19. Bf4 Rb8 20. Qc2 Nxb2 21. Rfb1 Nc4 22. Ra4 Ne5 23. Bg2 Rb4 24. Raa1 Nc4 25. Nd2 Bf5 26. Qa2 Nxd2 27. Qxd2 Bxb1 28. Rxb1 Rxb1+ 29. Nxb1 g5 30. Be3 Qb6 31. Nc3 Qb4 32. Qd3 c4 33. Qc2 Ng4 34. Bd2 Rb8 35. h3 Qb2 36. Qxb2 Rxb2 37. Ne4 Nf6 38. Bc3 Rb1+ 39. Kh2 Nxe4 40. Bxg7 Kxg7 41. Bxe4 Rb2 42. Kg2 c3 43. Kf3 c2 0-1


[Site "https://www.chess.com"]

[Event "Titled Tuesday Blitz June 14 Late 2022"]
[White "Manukian, Artak"]
[Black "Martinez Alcantara, Jose Eduardo"]
[WhiteFideId "13301373"]
[BlackFideId "3805662"]
[WhiteElo "2497"]
[BlackElo "2703"]
[Result "0-1"]
[Round "01"]
[TimeControl "180+1"]
[Date "2022.06.14"]
[WhiteClock "0:01:27"]
[BlackClock "0:00:51"]

1. e4 c5 2. Nf3 d6 3. Bb5+ Nd7 4. O-O a6 5. Bd3 Ngf6 6. c3 e6 7. a4 b6 8. Re1 Bb7 9. Bc2 c4 10. b3 cxb3 11. Bxb3 Nxe4 12. d4 d5 13. c4 Be7 14. cxd5 exd5 15. Ba3 Bxa3 16. Nxa3 O-O 17. Nc2 a5 18. Ne3 Ndf6 19. Ne5 Rc8 20. N3g4 Nxg4 21. Qxg4 Rc3 22. Bd1 Re8 23. Bf3 f6 24. Bxe4 dxe4 25. Nd7 Bc6 26. Nxb6 Qxb6 27. d5 Bxd5 28. Qd7 Qc6 0-1


[Site "https://www.chess.com"]